 Dungeon Crawl Stone Soup version 0.31.0-32-g396128a36d (webtiles) character file.

Game seed: 10766281834908109886

5 Amplified the Magician (level 1, 0/14 HPs)
             Began as a Demonspawn Wanderer on Mar 12, 2024.
             Slain by a kobold
             ... wielding a +0 short sword
              (4 damage)
             ... on level 1 of the Dungeon.
             The game lasted 00:02:23 (210 turns).

Amplified the Magician (Demonspawn Wanderer)         Turns: 210, Time: 00:02:24

Health: 0/14       AC:  2    Str: 11    XL:     1   Next: 66%
Magic:  1/5        EV: 10    Int: 11    God:
Gold:   21         SH:  5    Dex: 14    Spells: 7/8 levels left

rFire   . . .        a - +0 dagger
rCold   . . .        d - +0 buckler
rNeg    . . .        c - +0 robe
rPois   .            (no helmet)
rElec   .            (no cloak)
rCorr   .            (no gloves)
SInv    .            (no boots)
Will    .....        (no amulet)
Stlth   +            (no ring)
HPRegen 0.22/turn    (no ring)
MPRegen 0.09/turn

%: no passive effects
@: very slightly contaminated
A: no striking features
a: no special abilities


You were on level 1 of the Dungeon.
You visited 1 branch of the dungeon, and saw 1 of its levels.

You collected 21 gold pieces.

Inventory:

Hand Weapons
 a - a +0 dagger (weapon)
Armour
 b - the +9 chain mail "Apiele Nuag" {*Corrode Will+ Int+4}
   (You acquired it on level 1 of the Dungeon)

   Int+4:     It affects your intelligence (+4).
   Will+:     It increases your willpower.
   *Corrode:  It may corrode you when you take damage.
 c - a +0 robe (worn)
 d - a +0 buckler (worn)


   Skills:
 * Level 0.4 Fighting
 * Level 0.3 Armour
 * Level 2.8 Shields
 * Level 4.0 Spellcasting
 - Level 1.7 Air Magic


You had 7 spell levels left.
You knew the following spells:

 Your Spells              Type           Power      Damage    Failure   Level
a - Foxfire               Conj/Fire      8%         2x1d4     32%         1

Your spell library contained the following spells:

 Spells                   Type           Power      Damage    Failure   Level
 Shock                    Conj/Air       16%        1d4       24%         1
 Freeze                   Ice            8%         1d3       32%         1
 Slow                     Hex            8%         N/A       32%         1
 Mephitic Cloud           Conj/Alch/Air  3%         N/A       61%         3
 Call Canine Familiar     Summ           2%         N/A       69%         3


Dungeon Overview and Level Annotations

Branches:
Dungeon (1/15)

Altars:


Message History

The hobgoblin hits you.
* * * LOW HITPOINT WARNING * * *
Found a rapier.
You see here a +0 rapier.
A kobold comes into view. It is wielding a +0 short sword.
The kobold shouts!
Unknown command.
The kobold throws a stone.
The stone hits you but does no damage.
Casting: Foxfire (safe; 32% risk of failure)
Confirm with . or Enter, or press ? or * to list all spells.
You conjure some foxfire!
The foxfire hits the hobgoblin.
The hobgoblin is heavily wounded.
Unknown command.
Your foxfire dissipates!
The kobold throws a stone.
You block the stone.
Unknown command.
Casting: Foxfire (safe; 32% risk of failure)
Confirm with . or Enter, or press ? or * to list all spells.
You conjure some foxfire!
The foxfire hits the hobgoblin.
The hobgoblin is almost dead.
Unknown command.
Your foxfire dissipates!
The kobold misses you.
Unknown command.
Unknown command.
Casting: Foxfire (safe; 32% risk of failure)
Confirm with . or Enter, or press ? or * to list all spells.
You conjure some foxfire!
The foxfire hits the hobgoblin.
You kill the hobgoblin!
The kobold hits you with a +0 short sword.
Unknown command.
Unknown command.
Unknown command.
Casting: Foxfire (safe; 32% risk of failure)
Confirm with . or Enter, or press ? or * to list all spells.
You miscast Foxfire.
You are very lightly contaminated with residual magic.
Nothing appears to happen.
The kobold hits you with a +0 short sword.
You die...

#.# #g#
#.#
#####g#
#..)..#
#.#####
#g# #†#
#@# #K#
#.# #.#
..# ###


You could see a goblin and a kobold.

Vanquished Creatures
  An endoplasm (D:1)
  A giant cockroach (D:1)
  A hobgoblin (D:1)
  A jackal (D:1)
4 creatures vanquished.

Vanquished Creatures (others)
  2 foxfires (D:1)
2 creatures vanquished.

Grand Total: 6 creatures vanquished

Notes
Turn   | Place    | Note
-------+----------+-------------------------------------------
     0 | D:1      | Amplified the Demonspawn Wanderer began the quest for the
                  | Orb.
     0 | D:1      | Amplified set off with the following items: a +0 dagger, a
                  | potion of haste, a +0 robe, a +0 buckler; and the following
                  | spells available to memorise: Shock, Foxfire, Freeze, Slow,
                  | Mephitic Cloud, Call Canine Familiar.
     0 | D:1      | Reached XP level 1. HP: 13/13 MP: 5/5
    76 | D:1      | Learned a level 1 spell: Foxfire
   104 | D:1      | Identified a scroll of acquirement
   104 | D:1      | Acquired the +9 chain mail "Apiele Nuag" {*Corrode Will+
                  | Int+4}
   210 | D:1      | Slain by a kobold

Illustrated notes

Levels and vault maps discovered:
D:1:      evilmike_arrival_fibonacci_small, layout_basic

Action                     || total
---------------------------++-------
  Melee: Dagger            ||    33
   Cast: Foxfire           ||     6
    Use: Scroll            ||     3
         Potion            ||     1
 Armour: Robe              ||    30
  Dodge: Dodged            ||    26
  Block: Buckler           ||    20
